 Dungeon Crawl Stone Soup version 0.25-a0-424-g80bd347ae0 (webtiles) character file.

Game seed: 4343710888266095212, levelgen mode: deterministic

155 MisterFreud the Cutter (level 5, 0/47 HPs)
             Began as a Gnoll Chaos Knight on Jan 22, 2020.
             Was a Plaything of Xom.
             Slain by a hobgoblin
             ... wielding a +0 club
              (2 damage)
             ... on level 3 of the Dungeon.
             The game lasted 00:02:16 (2261 turns).

MisterFreud the Cutter (Gnoll Chaos Knight)         Turns: 2261, Time: 00:02:16

Health: 0/47       AC:  7    Str: 10 (12) XL:     5   Next: 37%
Magic:  7/7        EV: 11    Int: 13 (15) God:    Xom [*.....]
Gold:   149        SH:  3    Dex: 10 (11) Spells: 6/6 levels left

rFire    . . .     SeeInvis .   a - +0 short sword (chaos)
rCold    . . .     Gourm    .   m - +0 buckler (curse)
rNeg     . . .     Faith    .   b - +2 leather armour
rPois    .         Spirit   .   e - +1 helmet
rElec    .         Reflect  .   (no cloak)
rCorr    .         Harm     .   (no gloves)
MR       .....                  (no boots)
Stlth    +.........             n - amulet of magic regeneration
HPRegen  0.15/turn              (no ring)
MPRegen  0.35/turn              (no ring)

@: slowed, very slow
A: distributed training, fangs 1, blurry vision 1, clumsy 2, weak 1, strong nose
a: Renounce Religion


You were on level 3 of the Dungeon.
You worshipped Xom.
You were a special plaything of Xom.
You were not hungry.

You visited 1 branch of the dungeon, and saw 3 of its levels.

You collected 149 gold pieces.

Inventory:

Hand Weapons
 a - a +0 short sword of chaos (weapon)
Missiles
 g - 58 arrows
 h - 23 stones (quivered)
 l - a throwing net
 p - 37 sling bullets
Armour
 b - a +2 leather armour (worn)
 e - a +1 helmet (worn)
 m - a cursed +0 buckler (worn)
Jewellery
 k - an uncursed ring of fire
 n - an amulet of magic regeneration (around neck)
 u - an uncursed amulet of the acrobat {unknown}
Scrolls
 d - a scroll of remove curse {unknown}
 f - 2 scrolls of magic mapping {unknown}
 i - a scroll of fog {unknown}
 j - a scroll of random uselessness {unknown}
 o - 3 scrolls of blinking {unknown}
 s - a scroll of enchant armour {unknown}
Potions
 t - a potion of curing {unknown}
Comestibles
 c - 6 rations
 q - 3 chunks of flesh


   Skills:
 + Level 6.7 Fighting
 + Level 6.7 Short Blades
 + Level 1.4 Long Blades
 + Level 1.4 Axes
 + Level 1.4 Maces & Flails
 + Level 1.4 Polearms
 + Level 1.4 Staves
 + Level 1.4 Slings
 + Level 1.4 Bows
 + Level 1.4 Crossbows
 + Level 1.4 Throwing
 + Level 4.7 Armour
 + Level 2.9 Dodging
 + Level 1.4 Stealth
 + Level 1.4 Shields
 + Level 1.4 Unarmed Combat
 + Level 1.4 Spellcasting
 + Level 1.1 Conjurations
 + Level 1.1 Hexes
 + Level 1.1 Charms
 + Level 1.1 Summonings
 + Level 1.1 Necromancy
 + Level 1.1 Translocations
 + Level 1.1 Transmutations
 + Level 1.1 Fire Magic
 + Level 1.1 Ice Magic
 + Level 1.1 Air Magic
 + Level 1.1 Earth Magic
 + Level 1.1 Poison Magic
 + Level 1.6 Invocations
 + Level 1.4 Evocations


You had 6 spell levels left.
You didn't know any spells.
Your spell library was empty.

Dungeon Overview and Level Annotations

Branches:
Dungeon (3/15)

Altars:
Yredelemnul


Innate Abilities, Weirdness & Mutations

Your experience applies equally to all skills.
You have very sharp teeth.
Your uncanny sense of smell can sniff out nearby items.
Scrolls take you a little longer to read.
You are very clumsy. (Dex -4)
You are weak. (Str -2)


Message History

The orc wizard barely misses you. The hobgoblin barely misses you.
The orc wizard points at you and mumbles some strange words.
The puff of flame hits you!
* * * LOW HITPOINT WARNING * * *
The orc wizard mumbles some strange words.
The orc wizard seems to speed up.
The orc wizard casts a spell.
The orc wizard seems to speed up.
It was a potion of degeneration.
There was something very wrong with that liquid.
You feel weakened.
You feel dopey.
You feel clumsy.
Xom roars with laughter!
You feel sick.
You are no longer poisoned.
The orc wizard gestures wildly while chanting.
The orc wizard blinks!
The orc wizard hits you but does no damage.
The orc closely misses you. The hobgoblin hits you with a +0 club.
You die...
Xom howls with laughter!

#.##.......#...#
#..........#
#.##.......#...#
#..........#
#.##.......#...#
#..........#
..##.......#...#
#..........
#############'##
..... .##
####†#####.....
..#
#......#.......
..#
#.†..og#.......
..#
#..).§o@.......
..#
#.....o#..o....
..######
#......#.......
.......#
#......#.......
.#####.#
#......########
## #.# #......#
#.# #......# #.#
#...... #.#


You could see 3 orc wizards, an orc and a hobgoblin.

Vanquished Creatures
  A jelly (D:3)
  A bullfrog skeleton (D:3)
  4 adders
  An ooze (D:1)
  2 worms (D:2)
  A dart slug (D:1)
  2 leopard geckos
  2 orcs (D:3)
  3 giant cockroaches
  5 goblins
  2 hobgoblins
  5 jackals (D:2)
  A quokka (D:3)
  2 bats
  5 frilled lizards
  5 kobolds
  7 rats
  A spectral orc (D:2)
50 creatures vanquished.

Vanquished Creatures (collateral kills)
  A rat (D:2)
1 creature vanquished.

Grand Total: 51 creatures vanquished

Notes
Turn   | Place    | Note
-------+----------+-------------------------------------------
     0 | D:1      | MisterFreud the Gnoll Chaos Knight began the quest for the
                  | Orb.
     0 | D:1      | Reached XP level 1. HP: 23/23 MP: 1/1
   217 | D:1      | XOM: harmless Erth miscast
   338 | D:1      | XOM: mild Tmut miscast
   342 | D:1      | Reached XP level 2. HP: 20/29 MP: 2/2
   862 | D:2      | Reached XP level 3. HP: 35/35 MP: 3/3
   902 | D:2      | Found a basalt altar of Yredelemnul.
  1075 | D:2      | Reached skill level 1 in Invocations
  1214 | D:2      | XOM: summons 3 friendly demons
  1373 | D:2      | XOM: noise
  1408 | D:2      | Reached skill level 1 in Long Blades
  1408 | D:2      | Reached skill level 1 in Axes
  1408 | D:2      | Reached skill level 1 in Maces & Flails
  1408 | D:2      | Reached skill level 1 in Polearms
  1408 | D:2      | Reached skill level 1 in Staves
  1408 | D:2      | Reached skill level 1 in Slings
  1408 | D:2      | Reached skill level 1 in Bows
  1408 | D:2      | Reached skill level 1 in Crossbows
  1408 | D:2      | Reached skill level 1 in Throwing
  1408 | D:2      | Reached skill level 1 in Stealth
  1408 | D:2      | Reached skill level 1 in Shields
  1408 | D:2      | Reached skill level 1 in Unarmed Combat
  1408 | D:2      | Reached skill level 1 in Spellcasting
  1408 | D:2      | Reached skill level 1 in Evocations
  1823 | D:3      | Reached XP level 4. HP: 31/41 MP: 5/5
  1855 | D:3      | Reached skill level 1 in Conjurations
  1855 | D:3      | Reached skill level 1 in Hexes
  1855 | D:3      | Reached skill level 1 in Charms
  1855 | D:3      | Reached skill level 1 in Summonings
  1855 | D:3      | Reached skill level 1 in Necromancy
  1855 | D:3      | Reached skill level 1 in Translocations
  1855 | D:3      | Reached skill level 1 in Transmutations
  1855 | D:3      | Reached skill level 1 in Fire Magic
  1855 | D:3      | Reached skill level 1 in Ice Magic
  1855 | D:3      | Reached skill level 1 in Air Magic
  1855 | D:3      | Reached skill level 1 in Earth Magic
  1855 | D:3      | Reached skill level 1 in Poison Magic
  1858 | D:3      | XOM: give mutations
  1858 | D:3      | Gained mutation: You are clumsy. (Dex -2) [Xom's mischief]
  1858 | D:3      | Gained mutation: Your magical capacity is low. (-10% MP)
                  | [Xom's mischief]
  2109 | D:3      | Reached XP level 5. HP: 42/47 MP: 6/6
  2147 | D:3      | XOM: give mutations
  2147 | D:3      | Gained mutation: Scrolls take you a little longer to read.
                  | [Xom's mischief]
  2147 | D:3      | Gained mutation: You are weak. (Str -2) [Xom's mischief]
  2147 | D:3      | Lost mutation: Your magical capacity is low. (-10% MP)
                  | [Xom's mischief]
  2147 | D:3      | Gained mutation: You are very clumsy. (Dex -4) [Xom's
                  | mischief]
  2237 | D:3      | XOM: blink monster(s)
  2245 | D:3      | XOM: swap monsters
  2259 | D:3      | HP: 2/47 [orc wizard/puff of flame (12)]
  2261 | D:3      | Slain by a hobgoblin

Levels and vault maps discovered:
D:1:      eino_arrival_water_cross, layout_loops_corners
D:2:      layout_basic, yredelemnul_forgotten_temple_becter, first_ration
D:3:      layout_basic

Skill      XL: |  1  2  3  4 |
---------------+-------------+-----
Invocations    | 1 |  1.6
Long Blades    | 1 |  1.4
Axes           | 1 |  1.4
Maces & Flails | 1 |  1.4
Polearms       | 1 |  1.4
Staves         | 1 |  1.4
Slings         | 1 |  1.4
Bows           | 1 |  1.4
Crossbows      | 1 |  1.4
Throwing       | 1 |  1.4
Stealth        | 1 |  1.4
Shields        | 1 |  1.4
Unarmed Combat | 1 |  1.4
Spellcasting   | 1 |  1.4
Evocations     | 1 |  1.4
Conjurations   | 1 |  1.1
Hexes          | 1 |  1.1
Charms         | 1 |  1.1
Summonings     | 1 |  1.1
Necromancy     | 1 |  1.1
Translocations | 1 |  1.1
Transmutations | 1 |  1.1
Fire Magic     | 1 |  1.1
Ice Magic      | 1 |  1.1
Air Magic      | 1 |  1.1
Earth Magic    | 1 |  1.1
Poison Magic   | 1 |  1.1
Fighting       | |  6.7
Short Blades   | |  6.7
Armour         | |  4.7
Dodging        | |  2.9

Action                   |  1- 3 |  4- 6 || total
-------------------------+-------+-------++-------
Melee: Short sword       |   101 |    61 ||   162
       Bite              |    12 |     5 ||    17
       Punch             |     1 |       ||     1
  Use: Potion            |       |     1 ||     1
 Stab: Confused          |     1 |       ||     1
       Distracted        |     1 |       ||     1
       Sleeping          |       |     2 ||     2
  Eat: Chunk             |     2 |     2 ||     4
Armor: Leather armour    |    27 |    20 ||    47
Dodge: Dodged            |    43 |    23 ||    66
Block: Buckler           |     2 |     7 ||     9

Table legend:
 A = Non-vault XP
 B = Vault XP
 C = Vault XP percentage of total XP
 D = Non-vault monster count
 E = Vault monster count
 F = Vault count percentage of total count
                 A         B        C        D         E       F
            +---------+---------+-------+---------+---------+-------
      Total |     221 |       1 |   0.5 |      50 |       1 |   2.0
            +---------+---------+-------+---------+---------+-------
        D:1 |      29 |       0 |   0.0 |      15 |       0 |   0.0
        D:2 |      46 |       1 |   2.1 |      17 |       1 |   5.6
        D:3 |     146 |       0 |   0.0 |      18 |       0 |   0.0
            +---------+---------+-------+---------+---------+-------
